drae, chaotic female elven Wizard ---- ----------- --.>-------- |.........| |...%......| |.........| |..-----.-.| |.........| |..|...|..`| |....<....| |.*.*.....-| |.......Y.| |.......|*.| |.........| |.----..--.| |.....:%..| |..**...`|.-- |......khB| |.---.-**.[%------------@| |...|...-................| |.........---------------- -----..|..| ------- drae the Conjurer Experience level: 5 Strength: 13 Dexterity: 13 Constitution: 13 Intelligence: 20 Wisdom: 9 Charisma: 10 Health: 0(34) Energy: 50(50) Def: 1 Gold: 443 Moves: 3611 Dungeon seed: 7vHViwgJtMzycu1z Game ID: drae_1464013040 Your Inventory: Coins $ - 443 gold pieces Weapons a - a blessed +1 quarterstaff (weapon in hands) x - 7 +0 darts C - a cursed +0 trident Armor e - an uncursed +0 cloak of magic resistance (being worn) q - an uncursed +0 pair of iron shoes Comestibles F - an uncursed apple H - an uncursed tin of gnome meat K - an uncursed slime mold Scrolls j - an uncursed scroll of punishment s - a blessed scroll of genocide u - an uncursed scroll of light I - an uncursed scroll of earth Spellbooks k - a blessed spellbook of force bolt l - an uncursed spellbook of cause fear Q - an uncursed spellbook of teleport away Potions p - an uncursed potion of extra healing t - an uncursed potion of levitation Rings c - an uncursed ring of teleport control (on left hand) v - an uncursed ring of stealth (on right hand) D - an uncursed +1 ring of gain strength L - an uncursed ring of conflict Wands b - a wand of light (0:12) B - a wand of teleportation (0:4) G - a wand of light (0:12) Tools m - an uncursed blindfold n - an uncursed wooden flute P - a +0 pick-axe Spells and supernatural/magical abilities: Name Level Category Fail Memory a - force bolt 1 attack 0% 82% c - cause fear 3 enchantment 0% 82% W - pray for help -- divine ? -- Your skills at the end: Fighting Skills Weapon Skills quarterstaff [Basic] Spellcasting Skills attack spells [Basic] enchantment spells [Basic] Final Attributes: You were piously aligned. You were sleep resistant. You were magic-protected. You had infravision. You were stealthy. You had teleport control. You were very unlucky. You are dead. Vanquished creatures: a leprechaun a rock piercer 2 fog clouds a shrieker a floating eye a dwarf a kobold lord a monkey an orc zombie a hobgoblin 5 giant rats a brown mold a yellow mold a gnome 2 geckos 6 jackals 2 kobolds 4 goblins 2 sewer rats 2 grid bugs 4 lichens 2 kobold zombies 5 newts 48 creatures vanquished. Genocided species: krakens 1 species genocided. Voluntary challenges: You were vegetarian. You used a wielded weapon 58 times, starting on turn 198. You read items or engraved 5 times, starting on turn 1894. You genocided 1 type of monster, starting on turn 2583. You never polymorphed an object. You never changed form. You used no wishes. You never split a pudding. You never wrote Elbereth's name. You never violated your personal moral code. Dungeon overview: The Dungeons of Doom: levels 1 to 6 Level 1 a fountain a long staircase Level 2 a fountain a long staircase Level 3 a fountain Level 4 an armor shop, an altar to Thoth Level 5 many fountains Level 6 stairs to Sokoban Sokoban: levels 4 to 5 Level 4 <- You were here Level 5 stairs to The Dungeons of Doom History has recorded: On T:1 you entered the Dungeons of Doom to retrieve the Amulet of Yendor! On T:553 you reached level 2 of The Dungeons of Doom. On T:815 you reached level 3 of The Dungeons of Doom. On T:856 you advanced to experience level 2. On T:891 you reached level 4 of The Dungeons of Doom. On T:1107 you advanced to experience level 3. On T:1465 you reached level 5 of The Dungeons of Doom. On T:1793 you advanced to experience level 4. On T:1808 you reached level 6 of The Dungeons of Doom. On T:1914 you reached level 4 of Sokoban. On T:2336 you reached level 3 of Sokoban. On T:2974 you advanced to experience level 5. Score breakdown: Gold: 443 ( 9005 points) Experience: 5 levels (11141 points) Exploration: 6 levels ( 11.32%) ( 9302 points) Discoveries: 4 items ( 1.44%) ( 3598 points) Valuables value: (no points given unless you survive) Artifact value: 0 ( 0 points) Variety of kills: 23 monsters ( 6.04%) ( 7370 points) Turncount: 3611 turns ( -873 points) Survival: died (score multiplied by 80%) Total score: 31634 Latest messages: You don't have that object. You don't have that object. Never mind. You hit the giant bat! The giant bat bites! The hobbit hits! The giant bat bites! You die... Final status: Goodbye drae the Wizard, killed by a giant bat... You died in Sokoban on dungeon level 4 with 31634 points, and 443 pieces of gold, after 3611 moves. You were level 5 with a maximum of 34 hit points when you died.